 Dungeon Crawl Stone Soup version bcrawl-1.15.1 (webtiles) character file.

Game seed: 10737758138306951143

179 MordorOrchid the Shield-Bearer (level 5, -2/35 HPs)
             Began as a Fairy Fighter on Sept 25, 2019.
             Slain by a worker ant (4 damage)
             ... on level 4 of the Dungeon.
             The game lasted 00:05:52 (3047 turns).

MordorOrchid the Shield-Bearer (Fairy Fighter)      Turns: 3047, Time: 00:05:53

Health: -2/35      AC:  4    Str: 14    XL:     5   Next: 59%
Magic:  7/7        EV: 15    Int: 12    God:
Gold:   248        SH: 15    Dex: 12    Spells: 2/4 levels left

rFire    . . .     SeeInvis .   a - +0 long sword
rCold    . . .     Gourm    .   b - +0 shield
rNeg     . . .     Faith    .   (armour unavailable)
rPois    .         Spirit   .   (no helmet)
rElec    .         Reflect  .   (no cloak)
rCorr    .         Harm     .   (no gloves)
MR       .....                  (no boots)
Stlth    ..........             (no amulet)
HPRegen  0.11/turn              (no ring)
MPRegen  0.10/turn              (no ring)

@: flying evasively
A: small, magic attunement, unstealthy, unfitting armour, able to fly, AC/SH +4
a: Stop Flying


You were on level 4 of the Dungeon.
You were very hungry.

You visited 1 branch of the dungeon, and saw 4 of its levels.

You collected 248 gold pieces.

Inventory:

Hand Weapons
 a - a +0 long sword (weapon)
Missiles
 c - 180 arrows
 e - 822 stones (quivered)
 h - 176 bolts
Armour
 b - a +0 shield (worn)
Wands
 p - a wand of paralysis (7)
Scrolls
 f - a scroll of noise {unknown}
 g - a scroll of remove curse {unknown}
 i - a scroll of enchant armour {unknown}
 j - 2 scrolls of fog
 n - 4 scrolls of teleportation
Potions
 k - 2 potions of curing
 l - a potion of heal wounds {unknown}
 m - 2 potions of ambrosia
 o - a potion of flight {unknown}
Comestibles
 d - 5 rations {!d}


   Skills:
 - Level 2.6 Fighting
 * Level 3.6 Long Blades
 - Level 4.0 Dodging
 * Level 5.4 Shields


You had 2 spell levels left.
You knew the following spells:

 Your Spells              Type           Power        Failure   Level  Hunger
a - Sticks to Snakes      Tmut           #.......     91%         2    None

Your spell library contained the following spells:

 Spells                   Type           Power        Failure   Level  Hunger
 Beastly Appendage        Tmut           #.....       80%         1    None
 Spider Form              Tmut/Pois      #..          99%         3    None
 Ice Form                 Ice/Tmut       #.......     100%        4    None
 Blade Hands              Tmut           #.........   100%        5    None


Dungeon Overview and Level Annotations

Branches:
Dungeon (4/12)
 Temple: D:4-7

Altars:


Innate Abilities, Weirdness & Mutations

Your spells do not cause hunger and MP costs are reduced by 1.
Your bright wings attract enemies. (Stealth-)
You cannot fit into any form of body armour.
Your shimmering scales are hard and can block incoming attacks. (AC +4, SH +4)
You are small and have problems with some larger weapons.
You can fly continuously.


Message History

You block the worker ant's attack. The worker ant bites you.
You barely miss the worker ant.
The worker ant is lightly wounded.
The worker ant bites you.
* * * LOW HITPOINT WARNING * * *
You hit the worker ant.
The worker ant is lightly wounded.
You block the worker ant's attack.
You hit the worker ant.
The worker ant is heavily wounded.
You block the worker ant's attack. The worker ant barely misses you.
You hit the worker ant but do no damage.
The worker ant is heavily wounded.
The worker ant closely misses you.
You hit the worker ant.
The worker ant is severely wounded.
The worker ant bites you.
* * * LOW HITPOINT WARNING * * *
The worker ant bites you.
You die...

#......# #......#
#......# #....$.#
#......# #.<....#
#a.....# #@.....#
#......#
##############......#
....................#
....................#
....................#
..........§§........#
..........§.........#
...........§§§§§§...#


You could see a worker ant.

Vanquished Creatures
  An orc wizard (D:3)
  A centaur skeleton (D:3)
  3 adders (D:3)
  5 worms
  A dart slug (D:1)
  A leopard gecko (D:2)
  7 orcs (D:3)
  2 giant cockroaches
  5 goblins
  10 hobgoblins
  11 jackals
  8 kobolds
  A quokka (D:3)
  5 bats
  A frilled lizard (D:1)
  6 rats
68 creatures vanquished.

Notes
Turn   | Place    | Note
-------+----------+-------------------------------------------
     0 | D:1      | MordorOrchid the Fairy Fighter began the quest for the Orb.
     0 | D:1      | Reached XP level 1. HP: 15/15 MP: 3/3
    70 | D:1      | Reached skill level 4 in Shields
    74 | D:1      | Reached XP level 2. HP: 20/20 MP: 4/4
  1035 | D:2      | Reached XP level 3. HP: 23/25 MP: 5/5
  1721 | D:3      | Reached XP level 4. HP: 25/30 MP: 6/6
  1733 | D:3      | Reached skill level 5 in Shields
  1937 | D:3      | Reached XP level 5. HP: 27/35 MP: 7/7
  2875 | D:3      | Learned a level 2 spell: Sticks to Snakes
  3047 | D:4      | Slain by a worker ant

Skill      XL: |  1  2  3  4 |
---------------+-------------+-----
Shields        | 4 5 |  5.4
Long Blades    | 2 3 |  3.6
Fighting       | |  2.6
Dodging        | |  4.0

Action                   |  1- 3 |  4- 6 || total
-------------------------+-------+-------++-------
Melee: Long sword        |   177 |   126 ||   303
  Use: Potion            |       |     1 ||     1
       Scroll            |       |     4 ||     4
  Eat: Chunk             |     3 |     3 ||     6
Armor: Skin              |    17 |    14 ||    31
Dodge: Dodged            |    72 |    55 ||   127
Block: Shield            |   124 |    96 ||   220
